 Dungeon Crawl Stone Soup version 0.32-a0-933-ga8fa3634e4 (webtiles) character file.

Game seed: 2593879079053807503

52 Sabo the Ducker (level 3, 0/35 HPs)
             Began as an Oni Artificer on Apr 14, 2024.
             Slain by Sigmund
             ... wielding a +0 scythe
              (6 damage)
             ... on level 2 of the Dungeon.
             The game lasted 00:05:52 (1239 turns).

Sabo the Ducker (Oni Artificer)                     Turns: 1239, Time: 00:05:52

Health: 0/35       AC:  3    Str: 18    XL:     3   Next: 85%
Magic:  3/3        EV:  9    Int: 12    God:
Gold:   121        SH:  0    Dex:  9    Spells: 2/2 levels left

rFire   . . .        n - +0 war axe
rCold   . . .        (no shield)
rNeg    . . .        b - +0 robe
rPois   .            (helmet restricted)
rElec   .            (no cloak)
rCorr   .            (gloves unavailable)
SInv    .            (boots unavailable)
Will    .....        (no amulet)
Stlth   +            (no ring)
HPRegen 0.25/turn    (no ring)
MPRegen 0.08/turn

%: no passive effects
@: no status effects
A: large, unfitting armour, horns 1, tough skin 1, double potion healing,
drunken brawling
a: no special abilities


You were on level 2 of the Dungeon.
You visited 1 branch of the dungeon, and saw 2 of its levels.

You collected 121 gold pieces.

Inventory:

Hand Weapons
 h - a +0 short sword of speed
 n - a +0 war axe (weapon)
Armour
 b - a +0 robe (worn)
Wands
 c - a wand of flame (15) (quivered)
 d - a wand of charming (15)
 e - a wand of iceblast (5)
Scrolls
 f - a scroll of teleportation {unknown}
 g - a scroll of identify {unknown}
 i - a scroll of silence {unknown}
 l - a scroll of enchant armour {unknown}
 p - a scroll of noise {unknown}
Potions
 a - a potion of cancellation {unknown}
 j - a potion of attraction {unknown}
 k - a potion of degeneration {unknown}
 m - a potion of mutation {unknown}
 o - a potion of lignification {unknown}


   Skills:
 + Level 1.8 Fighting
 + Level 0.3 Axes
 + Level 1.0 Staves
 + Level 2.9 Dodging
 + Level 0.8 Stealth
 + Level 2.8 Evocations


You had 2 spell levels left.
You didn't know any spells.
Your spell library contained the following spells:

 Spells                   Type           Power      Damage    Failure   Level
 Mercury Vapours          Alch/Air       0%         N/A       45%         2
 Mephitic Cloud           Conj/Alch/Air  0%         N/A       69%         3
 Freezing Cloud           Conj/Ice/Air   0%         6-21      100%        5


Dungeon Overview and Level Annotations

Branches:
Dungeon (2/15)

Altars:

Shops:
D:1 =

Annotations:
D:2 Sigmund


Innate Abilities, Weirdness & Mutations

You are too large for most types of armour.
You have a pair of small horns on your head.
You have tough skin. (AC +1)
You gain doubled healing and magic from potions.
Whenever you drink a healing potion, you attack all around you.


Message History

a +0 dagger; an adder corpse You now have 115 gold pieces (gained 7).
You see here a +0 short sword.
Things that are here:
a +0 dagger; an adder corpse
Found a glimmering scale mail.
You now have 121 gold pieces (gained 6).
p - a scroll labelled FIRE AFFAROE You see here the +1 scale mail of the Fiend {Will++}.
A giant cockroach comes into view.
Found a whip.
You hit the giant cockroach.
You kill the giant cockroach!
You open the door.
There is an open door here.
Found a stone staircase leading down.
A goblin comes into view. It is wielding a +0 club.
There is a stone staircase leading down here.
The goblin shouts!
You hear a shout!
Sigmund the Dreaded comes into view.
He is wielding a +0 scythe.
The goblin hits you but does no damage.
You closely miss the goblin. The goblin hits you with a +0 club.
Sigmund gestures wildly while chanting.
Sigmund flickers and vanishes!
Deactivating autopickup; reactivate with Ctrl-A.
The goblin barely misses you.
You closely miss the goblin. The goblin hits you but does no damage.
Something hits you but does no damage.
You completely miss the goblin. The goblin completely misses you.
Something hits you! The goblin hits you with a +0 club.
You slash the goblin!
You kill the goblin!
Something hits you but does no damage. Something hits you!
You see here a +0 club.
You miss something. Something hits you.
You closely miss something. Your headbutt misses something. Something hits you!
* * * LOW HITPOINT WARNING * * *
You closely miss something. Something hits you.
You die...

####################
#....@...>.........#
#.########.....###.#
#####..##.###
##....... ####.###
#.... .###. #. #. #.
#.


There were no monsters in sight!

Vanquished Creatures
  An adder (D:2)
  2 ribbon worms (D:2)
  3 endoplasms
  3 giant cockroaches
  3 goblins
  4 hobgoblins (D:1)
  5 jackals (D:2)
  2 ball pythons
  2 frilled lizards (D:1)
  4 kobolds
  7 rats (D:1)
36 creatures vanquished.

Notes
Turn   | Place    | Note
-------+----------+-------------------------------------------
     0 | D:1      | Sabo the Oni Artificer began the quest for the Orb.
     0 | D:1      | Reached XP level 1. HP: 19/19 MP: 1/1
   124 | D:1      | Found Xahystrev's Jewellery Boutique.
   171 | D:1      | Reached XP level 2. HP: 27/27 MP: 2/2
   794 | D:1      | Reached XP level 3. HP: 33/33 MP: 3/3
  1038 | D:2      | Reached skill level 1 in Staves
  1179 | D:2      | Identified the +1 scale mail of the Fiend {Will++}
  1229 | D:2      | Noticed Sigmund
  1239 | D:2      | Slain by Sigmund

Illustrated notes

Levels and vault maps discovered:
D:1:      dpeg_arrival_ternary, layout_rooms, serial_shops, nicolae_shop_stone,
          minmay_rat_gold_closets
D:2:      layout_basic, minmay_tetromino_t2, uniq_sigmund, uniq_jessica

Skill      XL: |  1  2  3 |
---------------+----------+-----
Staves         | 1 |  1.0
Fighting       | |  1.8
Axes           | |  0.3
Dodging        | |  2.9
Stealth        | |  0.8
Evocations     | |  2.8

Action                     || total
---------------------------++-------
  Melee: Quarterstaff      ||    52
         Club              ||     6
         Headbutt          ||    15
         War axe           ||    46
   Stab: Sleeping          ||     1
 Armour: Robe              ||   101
  Dodge: Dodged            ||    84

Table legend: (Time is in decaauts)
 A = Elapsed time spent in this place.
 B = Non-inter-level travel time spent in this place.
 C = Inter-level travel time spent in this place.
 D = Time resting spent in this place.
 E = Time spent auto-exploring this place.
 F = Levels seen in this place.
 G = Mean time per level.
                   A        B        C        D        E       F      G
               +--------+--------+--------+--------+--------+-----+--------+
         Total |   1276 |   1276 |      0 |    344 |      0 |   2 |  638.0 |
       Dungeon |   1276 |   1276 |      0 |    344 |      0 |   2 |  638.0 |
               +--------+--------+--------+--------+--------+-----+--------+

Top non-repeatable levels by time:
     D:1: 896 daAuts
     D:2: 380 daAuts
